 Dungeon Crawl Stone Soup version 0.24.0-13-gcf9b3192b9 (webtiles) character file.

Game seed: 14112302184614988424, levelgen mode: deterministic

13 Monsterracer the Conjurer (level 2, -1/21 HPs)
             Began as a Merfolk Conjurer on Nov 6, 2019.
             Slain by a hobgoblin
             ... wielding a +0 club
              (6 damage)
             ... on level 1 of the Dungeon.
             The game lasted 00:00:51 (812 turns).

Monsterracer the Conjurer (Merfolk Conjurer)         Turns: 812, Time: 00:00:52

Health: -1/21      AC:  2    Str:  8    XL:     2   Next: 37%
Magic:  5/5        EV: 13    Int: 14    God:
Gold:   37         SH:  0    Dex: 14    Spells: 4/5 levels left

rFire    . . .     SeeInvis .   f - +0 spear
rCold    . . .     Gourm    .   (no shield)
rNeg     . . .     Faith    .   a - +0 robe
rPois    .         Spirit   .   (no helmet)
rElec    .         Reflect  .   (no cloak)
rCorr    .         Harm     .   (no gloves)
MR       .....                  (no boots)
Stlth    ++........             h - amulet of inaccuracy (curse)
HPRegen  0.07/turn              (no ring)
MPRegen  0.09/turn              (no ring)

@: no status effects
A: change form in water, swift swim, stealthy swim
a: no special abilities


You were on level 1 of the Dungeon.
You were not hungry.

You visited 1 branch of the dungeon, and saw 1 of its levels.

You collected 37 gold pieces.

Inventory:

Hand Weapons
 f - a +0 spear (weapon)
   (You found it on level 1 of the Dungeon)
Missiles
 i - a throwing net (quivered) {!f}
Armour
 a - a +0 robe (worn)
Jewellery
 h - a cursed amulet of inaccuracy (around neck)
   (You found it on level 1 of the Dungeon)
Potions
 d - a potion of heal wounds
Comestibles
 c - 2 rations


   Skills:
 + Level 1.0 Fighting
 * Level 2.4 Polearms
 - Level 2.6 Dodging
 - Level 2.1 Stealth
 - Level 2.0 Spellcasting
 - Level 3.2 Conjurations


You had 4 spell levels left.
You knew the following spells:

 Your Spells              Type           Power        Failure   Level  Hunger
a - Magic Dart            Conj           ##..         6%          1    ##.....

Your spell library contained the following spells:

 Spells                   Type           Power        Failure   Level  Hunger
 Searing Ray              Conj           ##....       10%         2    ###....
 Dazzling Spray           Conj/Hex       #.....       36%         3    ####...
 Iskenderun's Mystic Bla  Conj           ##......     52%         4    #####..
 Force Lance              Conj/Tloc      #.......     77%         4    #####..
 Fulminant Prism          Conj/Hex       #.........   77%         4    #####..


Dungeon Overview and Level Annotations

Branches:
Dungeon (1/15)

Altars:


Message History

Attack whom?
Press: ? - help, Dir - move target cursor, f - hobgoblin, p - rat
Aim: a hobgoblin, wielding a +0 club You reach to attack!
You barely miss the hobgoblin. The rat bites you.
Attack whom?
Press: ? - help, Dir - move target cursor, f/p - hobgoblin
Aim: a hobgoblin, wielding a +0 club The rat is in the way.
You closely miss the rat.
The rat is heavily wounded.
The rat closely misses you.
Attack whom?
Press: ? - help, Dir - move target cursor, f/p - hobgoblin
Aim: a hobgoblin, wielding a +0 club The rat is in the way.
You hit the rat.
You kill the rat!
Attack whom?
Press: ? - help, Dir - move target cursor, f/p - hobgoblin
Aim: a hobgoblin, wielding a +0 club You closely miss the hobgoblin.
The hobgoblin hits you with a +0 club.
* * * LOW HITPOINT WARNING * * *
Attack whom?
Press: ? - help, Dir - move target cursor, f/p - hobgoblin
Aim: a hobgoblin, wielding a +0 club You hit the hobgoblin.
The hobgoblin is lightly wounded.
The hobgoblin completely misses you.
Attack whom?
Press: ? - help, Dir - move target cursor, f - goblin, p - hobgoblin
Aim: a goblin, wielding a +0 hand axe You reach to attack!
You hit the goblin.
The goblin is severely wounded.
The hobgoblin closely misses you.
Attack whom?
Press: ? - help, Dir - move target cursor, f/p - goblin
Aim: a goblin, wielding a +0 hand axe (severely wounded)
The hobgoblin is in the way.
You completely miss the hobgoblin.
The hobgoblin is lightly wounded.
The hobgoblin closely misses you.
Attack whom?
Press: ? - help, Dir - move target cursor, f/p - goblin
Aim: a goblin, wielding a +0 hand axe (severely wounded)
The hobgoblin is in the way.
You miss the hobgoblin.
The hobgoblin is lightly wounded.
The hobgoblin barely misses you.
Attack whom?
Press: ? - help, Dir - move target cursor, f/p - goblin
Aim: a goblin, wielding a +0 hand axe (severely wounded)
The hobgoblin is in the way.
You closely miss the hobgoblin.
The hobgoblin is lightly wounded.
The hobgoblin hits you but does no damage.
Attack whom?
Press: ? - help, Dir - move target cursor, f/p - goblin
Aim: a goblin, wielding a +0 hand axe (severely wounded)
The hobgoblin is in the way.
You closely miss the hobgoblin.
The hobgoblin is lightly wounded.
Attack whom?
Press: ? - help, Dir - move target cursor, f/p - goblin
Aim: a goblin, wielding a +0 hand axe (severely wounded)
You reach to attack!
You barely miss the goblin.
The goblin is severely wounded.
The hobgoblin misses you.
Attack whom?
Press: ? - help, Dir - move target cursor, f/p - goblin
Aim: a goblin, wielding a +0 hand axe (severely wounded)
You reach to attack!
You hit the goblin.
You kill the goblin!
The hobgoblin barely misses you.
Attack whom?
Press: ? - help, Dir - move target cursor, f - hobgoblin
Aim: a hobgoblin, wielding a +0 club (lightly wounded)
You miss the hobgoblin.
The hobgoblin is lightly wounded.
The hobgoblin hits you but does no damage.
Attack whom?
Press: ? - help, Dir - move target cursor, f/p - hobgoblin
Aim: a hobgoblin, wielding a +0 club (lightly wounded)
You closely miss the hobgoblin.
The hobgoblin is lightly wounded.
The hobgoblin closely misses you.
Attack whom?
Press: ? - help, Dir - move target cursor, f/p - hobgoblin
Aim: a hobgoblin, wielding a +0 club (lightly wounded)
You miss the hobgoblin.
The hobgoblin is lightly wounded.
The hobgoblin hits you with a +0 club.
* * * LOW HITPOINT WARNING * * *
Attack whom?
Press: ? - help, Dir - move target cursor, f/p - hobgoblin
Aim: a hobgoblin, wielding a +0 club (lightly wounded)
You hit the hobgoblin but do no damage.
The hobgoblin is lightly wounded.
The hobgoblin hits you with a +0 club.
* * * LOW HITPOINT WARNING * * *
Attack whom?
Press: ? - help, Dir - move target cursor, f/p - hobgoblin
Aim: a hobgoblin, wielding a +0 club (lightly wounded)
You hit the hobgoblin.
The hobgoblin is moderately wounded.
The hobgoblin hits you with a +0 club.
You die...

##.##....#.... ..
#.........
######......... #
#..........## #.
#.####.....# #..
#.#..#.....# #...
#.#..#.....##
##....######.#..#......#
.......)g@...............
############.#.##.####.##
#.#....# .# #.######## .
#........## .##
#######...# ..# #...###.#
#...#.... #...#....


You could see a hobgoblin.

Vanquished Creatures
  A leopard gecko (D:1)
  A giant cockroach (D:1)
  4 hobgoblins (D:1)
  3 bats (D:1)
  A goblin (D:1)
  A kobold (D:1)
  A rat (D:1)
12 creatures vanquished.

Notes
Turn   | Place    | Note
-------+----------+-------------------------------------------
     0 | D:1      | Monsterracer the Merfolk Conjurer began the quest for the
                  | Orb.
     0 | D:1      | Reached XP level 1. HP: 13/13 MP: 3/3
   139 | D:1      | Reached skill level 1 in Polearms
   456 | D:1      | Reached XP level 2. HP: 20/20 MP: 5/5
   473 | D:1      | HP: 9/20 [hobgoblin (2)]
   478 | D:1      | HP: 3/20 [hobgoblin (2)]
   788 | D:1      | Reached skill level 1 in Fighting
   799 | D:1      | HP: 9/21 [hobgoblin/+0 club (3)]
   810 | D:1      | HP: 9/21 [hobgoblin/+0 club (1)]
   812 | D:1      | Slain by a hobgoblin

Levels and vault maps discovered:
D:1:      dpeg_arrival_rhombi, layout_basic

Skill      XL: |  1  2 |
---------------+-------+-----
Polearms       | 1 2 |  2.4
Fighting       | 1 |  1.0
Dodging        | |  2.6
Stealth        | |  2.1
Spellcasting   | |  2.0
Conjurations   | |  3.2

Action                   || total
-------------------------++-------
Melee: Spear             ||    73
 Cast: Magic Dart        ||     4
  Use: Scroll            ||     3
 Stab: Sleeping          ||     2
Armor: Robe              ||     6
Dodge: Dodged            ||    40
